 Dungeon Crawl Stone Soup version 0.29-a0-82-g837932c90e (webtiles) character file.

Game seed: 1672893976265431099

117 shoop the Vexing (level 5, 49/49 HPs)
             Began as an Ogre Arcane Marksman on Feb 4, 2022.
             Quit the game on level 3 of the Dungeon on Feb 25, 2022.
             The game lasted 00:06:15 (3453 turns).

shoop the Vexing (Ogre Arcane Marksman)             Turns: 3453, Time: 00:06:16

Health: 49/49      AC:  3    Str: 16    XL:     5   Next: 1%
Magic:  6/6        EV: 10    Int: 14    God:
Gold:   95         SH:  0    Dex:  9    Spells: 2/6 levels left

rFire   . . .      SeeInvis .   k - +1 mace (drain)
rCold   . . .      Faith    .   (no shield)
rNeg    . . .      Spirit   .   a - +0 robe
rPois   .          Reflect  .   (helmet restricted)
rElec   .          Harm     .   (no cloak)
rCorr   .          Rampage  .   (gloves unavailable)
Will    .....                   (boots unavailable)
Stlth   ++........              (no amulet)
HPRegen 0.16/turn               (no ring)
MPRegen 0.10/turn               (no ring)

@: no status effects
A: large, unfitting armour, tough skin 1
a: no special abilities


You were on level 3 of the Dungeon.
You visited 1 branch of the dungeon, and saw 3 of its levels.

You collected 95 gold pieces.

Inventory:

Hand Weapons
 d - a +0 dagger
 h - a +0 short sword
 k - a +1 mace of draining (weapon)
Missiles
 b - 4 large rocks
 c - 3 throwing nets
 g - 2 javelins
 i - 85 stones (quivered)
Armour
 a - a +0 robe (worn)
Scrolls
 f - a scroll of teleportation {unknown}
 l - 4 scrolls of identify {unknown}
 n - a scroll of torment {unknown}
 p - a scroll of vulnerability {unknown}
 s - a scroll of fear {unknown}
Potions
 e - a potion of cancellation {unknown}
 j - 2 potions of flight {unknown}
 m - a potion of resistance {unknown}
 o - a potion of attraction {unknown}
 q - a potion of heal wounds {unknown}
 r - a potion of degeneration {unknown}
 t - a potion of haste {unknown}
 u - a potion of magic {unknown}


   Skills:
 - Level 2.0 Fighting
 * Level 2.6 Maces & Flails
 - Level 2.4 Throwing
 - Level 2.0 Dodging
 + Level 1.8 Stealth
 + Level 1.2 Spellcasting
 + Level 2.6 Hexes


You had 2 spell levels left.
You knew the following spells:

 Your Spells              Type           Power      Damage    Failure   Level
a - Slow                  Hex            32%        N/A       9%          1
c - Inner Flame           Hex/Fire       4%         N/A       41%         3

Your spell library contained the following spells:

 Spells                   Type           Power      Damage    Failure   Level
 Portal Projectile        Hex/Tloc       8%         N/A       41%         3
 Gell's Gravitas          Tloc           0%         N/A       61%         3
 Lesser Beckoning         Tloc           0%         N/A       61%         3
 Teleport Other           Tloc           0%         N/A       61%         3
 Cause Fear               Hex            4%         N/A       65%         4


Dungeon Overview and Level Annotations

Branches:
Dungeon (3/15)

Altars:
Xom


Innate Abilities, Weirdness & Mutations

You are too large for most types of armour.
You have tough skin. (AC +1)


Message History

You kill the worm!
You have reached level 5!
Found a robe.
i - 85 stones (gained 26)
You see here a +0 robe.
u - a glowing emerald potion
Found a stone staircase leading up.
Unknown command.
Unknown command.
Save game and exit?
Welcome back, shoop the Ogre Arcane Marksman.
Press ? for a list of commands and other information.
Save game and exit?
Welcome back, shoop the Ogre Arcane Marksman.
Press ? for a list of commands and other information.
Save game and exit?
Welcome back, shoop the Ogre Arcane Marksman.
Press ? for a list of commands and other information.
Save game and exit?
Welcome back, shoop the Ogre Arcane Marksman.
Press ? for a list of commands and other information.
Save game and exit?
Welcome back, shoop the Ogre Arcane Marksman.
Press ? for a list of commands and other information.
Save game and exit?
Welcome back, shoop the Ogre Arcane Marksman.
Press ? for a list of commands and other information.
Save game and exit?
Welcome back, shoop the Ogre Arcane Marksman.
Press ? for a list of commands and other information.
Save game and exit?
Welcome back, shoop the Ogre Arcane Marksman.
Press ? for a list of commands and other information.
Save game and exit?
Welcome back, shoop the Ogre Arcane Marksman.
Press ? for a list of commands and other information.
Save game and exit?
Welcome back, shoop the Ogre Arcane Marksman.
Press ? for a list of commands and other information.
Are you sure you want to abandon this character and quit the game? (Confirm with "yes".)

###...###.............#
#.
##............#######
#. ######.####### #.
#.# ## #.# # #.# # #.#
# #.# #@# ........#
..<######


There were no monsters in sight!

Vanquished Creatures
  An orc priest (D:1)
  3 adders (D:3)
  2 worms
  A dart slug (D:3)
  4 orcs
  6 endoplasms
  3 giant cockroaches
  2 goblins
  5 hobgoblins
  4 kobolds
  2 quokkas
  7 ball pythons
  7 bats
  2 frilled lizards
  2 rats
51 creatures vanquished.

Notes
Turn   | Place    | Note
-------+----------+-------------------------------------------
     0 | D:1      | shoop the Ogre Arcane Marksman began the quest for the Orb.
     0 | D:1      | Reached XP level 1. HP: 19/19 MP: 2/2
   548 | D:1      | Reached XP level 2. HP: 28/28 MP: 3/3
  1541 | D:1      | Reached XP level 3. HP: 35/35 MP: 4/4
  1548 | D:1      | Reached skill level 1 in Maces & Flails
  1548 | D:1      | Reached skill level 1 in Stealth
  2012 | D:1      | Reached XP level 4. HP: 16/42 MP: 5/5
  2214 | D:1      | Learned a level 3 spell: Inner Flame
  2769 | D:3      | Found a shimmering altar of Xom.
  3241 | D:3      | Found a faded altar of an unknown god.
  3352 | D:3      | Reached XP level 5. HP: 49/49 MP: 2/6
  3453 | D:3      | Quit the game

Illustrated notes

Levels and vault maps discovered:
D:1:      evilmike_arrival_plus, layout_rooms
D:2:      layout_rooms
D:3:      layout_loops_ring, marbit_many_paths, trog_butcher_becter,
          ebering_ecumenical_altar_rust, uniq_terence

Skill      XL: |  1  2  3  4 |
---------------+-------------+-----
Dodging        | 2 |  2.0
Fighting       | 2 |  2.0
Maces & Flails | 1 2 |  2.6
Stealth        | 1 |  1.8
Throwing       | |  2.4
Spellcasting   | |  1.2
Hexes          | |  2.6

Action                   |  1- 3 |  4- 6 || total
-------------------------+-------+-------++-------
Melee: Dagger            |    30 |       ||    30
       Short sword       |    20 |       ||    20
       Punch             |     1 |       ||     1
       Mace              |    39 |    86 ||   125
Throw: Stone             |    32 |       ||    32
       Large rock        |     3 |       ||     3
 Cast: Slow              |       |    11 ||    11
 Stab: Sleeping          |       |     1 ||     1
Armor: Robe              |    30 |    32 ||    62
Dodge: Dodged            |    58 |    42 ||   100

Table legend: (Time is in decaauts)
 A = Elapsed time spent in this place.
 B = Non-inter-level travel time spent in this place.
 C = Inter-level travel time spent in this place.
 D = Time resting spent in this place.
 E = Time spent auto-exploring this place.
 F = Levels seen in this place.
 G = Mean time per level.
                   A        B        C        D        E       F      G
               +--------+--------+--------+--------+--------+-----+--------+
         Total |   3500 |   3482 |     18 |    767 |   2184 |   3 | 1166.7 |
       Dungeon |   3500 |   3482 |     18 |    767 |   2184 |   3 | 1166.7 |
               +--------+--------+--------+--------+--------+-----+--------+

Top non-repeatable levels by time:
     D:1: 1991 daAuts
     D:3: 997 daAuts
     D:2: 511 daAuts
